 Dungeon Crawl Stone Soup version 0.21.1-1-g345015fe64 (webtiles) character file.

3931 Gargoyl the Envoy of Void (level 10, 0/83 HPs)
             Began as a Centaur Abyssal Knight on May 4, 2018.
             Was a High Priest of Lugonu.
             Slain by a slime creature (14 damage)
             ... on level 8 of the Dungeon.
             The game lasted 00:12:45 (7567 turns).

Gargoyl the Envoy of Void (Centaur Abyssal Knight)  Turns: 7567, Time: 00:12:45

Health: 0/83       AC: 15    Str: 16    XL:     10   Next: 1%
Magic:  15/15      EV:  3    Int: 11    God:    Lugonu [*****.]
Gold:   420        SH:  7    Dex: 11    Spells: 9/9 levels left

rFire    . . .     SeeInvis +   a - +2 hand axe (chaos)
rCold    . . .     Gourm    .   m - +0 shield
rNeg     . . .     Faith    .   p - +0 plate armour
rPois    +         Spirit   .   A - +2 helmet {SInv}
rElec    .         Reflect  .   x - +0 cloak
rCorr    .         Harm     .   (no gloves)
MR       .....                  (no barding)
Stlth    ..........             (no amulet)
HPRegen  0.23/turn              k - +3 ring of evasion
MPRegen  0.14/turn              l - ring of poison resistance

@: very quick
A: large, hooves 3, deformed body, speed 2, tough skin 3
a: Depart the Abyss, Bend Space, Banish, Corrupt, Enter the Abyss, Renounce
Religion


You were on level 8 of the Dungeon.
You worshipped Lugonu.
Lugonu was extremely pleased with you.
You were not hungry.

You visited 1 branch of the dungeon, and saw 8 of its levels.
You visited the Abyss 1 time.

You collected 420 gold pieces.

Inventory:

Hand Weapons
 a - a +2 hand axe of chaos (weapon)
 d - the +8 short sword "Wawkahet" {speed, rElec rPois rF- rN++}
   (You found it on level 4 of the Dungeon)

   Attacks with this weapon are significantly faster.
   It makes you vulnerable to fire.
   It insulates you from electricity.
   It protects you from poison.
   It greatly protects you from negative energy.
 B - the +4 falchion "Lar Nace" {slice, rElec MR++}
   (You found it on level 8 of the Dungeon)

   It inflicts extra damage upon your enemies.
   It insulates you from electricity.
   It affects your resistance to hostile enchantments.
Armour
 m - a +0 shield (worn)
 p - a +0 plate armour (worn)
 x - a +0 cloak (worn)
 A - a +2 helmet of see invisible (worn)
Jewellery
 k - a +3 ring of evasion (left hand)
 l - a ring of poison resistance (right hand)
Wands
 e - a wand of iceblast (4)
 j - a wand of scattershot (4)
 o - a wand of flame (15)
 t - a wand of paralysis (1)
 w - a wand of polymorph (11)
Scrolls
 f - 4 scrolls of identify
 s - 3 scrolls of magic mapping
 y - a scroll of enchant weapon
 z - a scroll of blinking
 D - a scroll of remove curse
Potions
 b - a potion of flight {unknown}
 g - a potion of berserk rage
 h - a potion of haste
 i - a potion of agility
 n - 8 potions of curing
 q - 2 potions of lignification
 r - 2 potions of resistance
 u - a potion of might {unknown}
 C - a potion of magic {unknown}
 E - a potion of brilliance {unknown}
Books
 v - Ecoisuag's Grimoire of Intoxication and Confrontation
   (You found it on level 4 of the Dungeon)

   Spells                             Type                      Level
   a - Throw Flame                    Conjuration/Fire             2
   b - Olgreb's Toxic Radiance        Poison                       4
   c - Fireball                       Conjuration/Fire             5
Comestibles
 c - 7 rations


   Skills:
 + Level 5.8 Fighting
 + Level 6.1 Short Blades
 + Level 4.7 Axes
 * Level 6.4 Armour
 + Level 1.6 Dodging
 + Level 0.1 Shields
 * Level 7.1 Invocations


You had 9 spell levels left.
You didn't know any spells.

Dungeon Overview and Level Annotations

Branches:
Dungeon (8/15)             Temple (0/1) D:7
   Lair: D:8-11

Altars:
Ashenzari
Dithmenos
Hepliaklqana
Kikubaaqudgha
Ru
Uskayaw
Xom
Yredelemnul
The Shining One

Shops:
D:6 *

Annotations:
D:6 1 runed door


Innate Abilities, Weirdness & Mutations

You have hooves in place of feet.
Armour fits poorly on your strangely shaped body.
You cover ground very quickly.
You have extremely tough skin. (AC +3)


Message History

The slime creature hits you.
You slash the slime creature!
You kick the slime creature, but do no damage.
The slime creature is heavily wounded.
You hit the slime creature. You freeze the slime creature.
You hit the slime creature. You burn the slime creature.
You hit the slime creature but do no damage.
The slime creature is no longer moving slowly.
The slime creature hits you. The slime creature barely misses you.
The slime creature hits you but does no damage.
You hit the slime creature.
The slime creature twists unnaturally.
The slime creature is severely wounded.
You hit the slime creature but do no damage.
You hit the slime creature. You freeze the slime creature.
Your plate armour prevents you from hitting the slime creature.
The slime creature completely misses you.
You block the slime creature's attack. x2; The slime creature hits you!
* * * LOW HITPOINT WARNING * * *
The slime creature hits you!
You die...

#.....................#
###.#.##..#..#..###..##.#
..............)# #..##.#
#.#.###.#.##..# #..##.#
...............# #..##.#
.#.##.###...##.####..##.#
.........)...........##.##
##.#######..JJ....)......#
.........J@.#####.#####
##########.#J.# ...#
#...J.....>#..# #.###
##.#########..# #. #.#
#..# # #.# #..# #J# #..# #
#.# ### #..#
####.#J##.....


You could see 4 slime creatures.

Vanquished Creatures
  2 hippogriffs
  Sigmund (D:2)
  Eustachio (D:5)
  Grum (D:8)
  Duvessa (D:5)
  A sky beast (D:7)
  An ice beast (D:7)
  2 ogres
  3 wolves (D:8)
  2 centaurs
  3 bullfrogs
  Dowan (D:5)
  2 scorpions
  A water moccasin skeleton (D:6)
  A wyvern skeleton (D:7)
  A killer bee (D:6)
  10 wights
  A howler monkey (D:5)
  2 crimson imps
  A quasit (D:5)
  5 hounds
  2 gnoll shamans (D:6)
  An orc priest (D:6)
  2 orc wizards (D:6)
  Ijyb (D:3)
  2 iguanas
  Natasha (thrice) (D:3)
  9 worker ants
  5 hound skeletons
  A worker ant zombie (D:5)
  Robin (D:2)
  14 adders
  16 gnolls
  3 shadow imps
  2 oozes
  2 adder skeletons
  A worm (D:4)
  4 dart slugs
  3 leopard geckos
  11 orcs
  4 ball pythons
  9 giant cockroaches
  9 hobgoblins
  10 jackals
  8 kobolds
  4 quokkas
  7 bats
  5 frilled lizards
  12 goblins
  A jackal zombie (D:7)
  A leopard gecko skeleton (D:5)
  A quokka skeleton (D:7)
  7 rats
  A butterfly (D:6)
205 creatures vanquished.

Vanquished Creatures (others)
  An orc warrior (D:6)
1 creature vanquished.

Grand Total: 206 creatures vanquished

Notes
Turn   | Place    | Note
-------+----------+-------------------------------------------
     0 | Abyss:1  | Gargoyl the Centaur Abyssal Knight began the quest for the Orb.
     0 | Abyss:1  | Reached XP level 1. HP: 19/19 MP: 2/2
     5 | Abyss:1  | Found a blossoming altar of Fedhas.
    56 | Abyss:3  | Found a corrupted altar of Lugonu.
    92 | Abyss:4  | Noticed a thrashing horror
    94 | Abyss:4  | Noticed a thrashing horror
    94 | D:1      | Escaped the Abyss
   456 | D:1      | Reached * piety under Lugonu
   456 | D:1      | Reached XP level 2. HP: 26/26 MP: 3/3
  1178 | D:2      | Reached XP level 3. HP: 25/31 MP: 4/4
  1269 | D:2      | Found a hide-covered altar of Uskayaw.
  1281 | D:2      | Noticed Robin
  1319 | D:2      | Killed Robin
  1334 | D:2      | Reached XP level 4. HP: 17/40 MP: 5/5
  1568 | D:2      | Noticed Sigmund
  1589 | D:2      | Killed Sigmund
  1589 | D:2      | Reached skill level 1 in Dodging
  1589 | D:2      | Reached skill level 3 in Invocations
  1589 | D:2      | Reached XP level 5. HP: 33/46 MP: 5/7
  2134 | D:2      | Reached XP level 6. HP: 45/52 MP: 8/8
  2274 | D:3      | Reached ** piety under Lugonu
  2324 | D:3      | Noticed Ijyb
  2325 | D:3      | Paralysed by Ijyb for 2 turns
  2341 | D:3      | Paralysed by Ijyb for 4 turns
  2353 | D:3      | Paralysed by Ijyb for 7 turns
  2360 | D:3      | Killed Ijyb
  2384 | D:3      | Noticed Natasha
  2395 | D:3      | Killed Natasha
  2586 | D:3      | Noticed Natasha
  2601 | D:3      | Killed Natasha
  3153 | D:3      | Noticed Natasha
  3164 | D:3      | Killed Natasha
  3365 | D:4      | Reached XP level 7. HP: 60/60 MP: 9/9
  3390 | D:4      | Got a translucent short sword
  3391 | D:4      | Identified the +8 short sword "Wawkahet" {speed, rElec rPois rF- rN++} (You found it on level 4 of the Dungeon)
  3396 | D:4      | Identified Ecoisuag's Grimoire of Intoxication and Confrontation
  3436 | D:4      | Reached skill level 4 in Invocations
  4000 | D:4      | Reached *** piety under Lugonu
  4238 | D:4      | Found a basalt altar of Yredelemnul.
  4300 | D:5      | Entered Level 5 of the Dungeon
  4323 | D:5      | Noticed Duvessa
  4335 | D:5      | Killed Duvessa
  4337 | D:5      | Noticed Dowan
  4344 | D:5      | Killed Dowan
  4344 | D:5      | Reached XP level 8. HP: 66/67 MP: 11/11
  4457 | D:5      | Found a sacrificial altar of Ru.
  4743 | D:5      | Found a shadowy altar of Dithmenos.
  4745 | D:5      | Found a hazy altar of Hepliaklqana.
  4746 | D:5      | Found a glowing golden altar of the Shining One.
  4746 | D:5      | Found an ancient bone altar of Kikubaaqudgha.
  4822 | D:5      | Reached skill level 1 in Short Blades
  4887 | D:5      | Noticed Eustachio
  4902 | D:5      | Killed Eustachio
  4902 | D:5      | Reached skill level 5 in Invocations
  5083 | D:6      | Reached skill level 5 in Fighting
  5289 | D:6      | Found a shimmering altar of Xom.
  5309 | D:6      | Found a runed door.
  5330 | D:6      | Found a runed door.
  5372 | D:6      | Reached skill level 5 in Armour
  5377 | D:6      | Reached skill level 6 in Invocations
  5412 | D:6      | Reached **** piety under Lugonu
  5661 | D:6      | Reached XP level 9. HP: 57/74 MP: 13/13
  5792 | D:6      | Found Leqaulif's Assorted Antiques.
  6357 | D:6      | Found a shattered altar of Ashenzari.
  6547 | D:7      | Reached skill level 5 in Short Blades
  6670 | D:7      | Got a crude mace
  6671 | D:7      | Identified the +7 mace of Evacuet {flame, *Corrode rElec Int+3 Dex+5} (You found it on level 7 of the Dungeon)
  6726 | D:7      | Found a staircase to the Ecumenical Temple.
  6737 | D:7      | Reached ***** piety under Lugonu
  7095 | D:8      | Got an iridescent falchion
  7100 | D:8      | Reached skill level 7 in Invocations
  7106 | D:8      | Identified the +4 falchion "Lar Nace" {slice, rElec MR++} (You found it on level 8 of the Dungeon)
  7152 | D:8      | Noticed Grum
  7166 | D:8      | Killed Grum
  7199 | D:8      | Reached XP level 10. HP: 21/83 MP: 15/15
  7567 | D:8      | Slain by a slime creature

Skill      XL: |  1  2  3  4  5  6  7  8  9 |
---------------+----------------------------+-----
Axes           | 2 3 4 |  4.7
Armour         | 2 3 4 5 6 |  6.4
Fighting       | 4 5 |  5.8
Dodging        | 1 |  1.6
Invocations    | 3 4 6 7 |  7.1
Short Blades   | 3 6 |  6.1
Shields        | |  0.1

Action                   |  1- 3 |  4- 6 |  7- 9 | 10-12 || total
-------------------------+-------+-------+-------+-------++-------
Melee: Hand axe          |    79 |   190 |    15 |    13 ||   297
       Kick              |    12 |    31 |   120 |     4 ||   167
       Short sword       |       |       |   459 |    12 ||   471
Invok: Depart the Abyss  |     1 |       |       |       ||     1
       Banish            |       |       |     1 |       ||     1
Evoke: Wand              |     1 |     2 |     1 |       ||     4
  Use: Scroll            |     3 |     8 |     4 |     1 ||    16
       Potion            |       |     1 |     2 |       ||     3
 Stab: Paralysed         |       |       |       |     3 ||     3
  Eat: Chunk             |       |     3 |     6 |       ||     9
       Ration            |       |     1 |     2 |       ||     3
Armor: Leather armour    |    31 |     3 |       |       ||    34
       Chain mail        |       |    22 |       |       ||    22
       Plate armour      |       |   108 |   261 |    11 ||   380
Dodge: Dodged            |    41 |    75 |    92 |     3 ||   211
Block: Shield            |       |       |    16 |     7 ||    23
